 Dungeon Crawl Stone Soup version 0.23-a0-629-gae4348f (webtiles) character file.

522 MalarOregon the Spear-Bearer (level 7, -3/55 HPs)
             Began as a Merfolk Gladiator on Dec 26, 2018.
             Slain by a slave (7 damage)
             ... led by Pikel
             ... on level 4 of the Dungeon.
             The game lasted 00:06:12 (3228 turns).

MalarOregon the Spear-Bearer (Merfolk Gladiator)    Turns: 3228, Time: 00:06:13

Health: -3/55      AC:  9    Str: 16 (19) XL:     7   Next: 22%
Magic:  7/7        EV: 14    Int:  7 (9)  God:
Gold:   178        SH:  0    Dex: 15 (16) Spells: 6/6 levels left

rFire    x . .     SeeInvis .   a - +1 trident
rCold    + . .     Gourm    .   (no shield)
rNeg     . . .     Faith    .   l - +0 ring mail
rPois    .         Spirit   .   c - +1 helmet
rElec    .         Reflect  .   (no cloak)
rCorr    .         Harm     .   i - +0 pair of gloves
MR       .....                  v - +0 pair of boots
Stlth    +.........             (no amulet)
HPRegen  0.18/turn              h - ring of ice
MPRegen  0.10/turn              (no ring)

@: mighty
A: change form in water, swift swim, stealthy swim
a: no special abilities


You were on level 4 of the Dungeon.
You were not hungry.

You visited 1 branch of the dungeon, and saw 4 of its levels.

You collected 178 gold pieces.

Inventory:

Hand Weapons
 a - a +1 trident (weapon)
 o - the +3 dagger of Ajem {pierce, Dex+4 Stlth-}
   (You found it on level 4 of the Dungeon)

   It inflicts extra damage upon your enemies.
   It affects your dexterity (+4).
   It makes you less stealthy.
Missiles
 d - 4 throwing nets (quivered) {!f}
Armour
 c - a +1 helmet (worn)
 i - a +0 pair of gloves (worn)
   (You found it on level 1 of the Dungeon)
 l - a +0 ring mail (worn)
   (You found it on level 3 of the Dungeon)
 v - a +0 pair of boots (worn)
   (You found it on level 4 of the Dungeon)
Jewellery
 h - a ring of ice (left hand)
   (You found it on level 1 of the Dungeon)
Scrolls
 f - a scroll of magic mapping
 g - a scroll of identify {@r1}
 j - 3 scrolls of teleportation {unknown}
 k - 2 scrolls of fear {unknown}
 n - a scroll of remove curse {@r2}
 q - a scroll of amnesia {unknown}
 x - a scroll of random uselessness {unknown}
Potions
 b - a potion of ambrosia
Comestibles
 e - 8 rations {!d}
 w - 20 chunks of flesh


   Skills:
 + Level 4.5 Fighting
 * Level 8.7 Polearms
 - Level 2.0 Throwing
 + Level 6.2 Dodging


You had 6 spell levels left.
You didn't know any spells.
Your spell library was empty.

Dungeon Overview and Level Annotations

Branches:
Dungeon (4/15)
 Temple: D:4-7

Altars:
Dithmenos
Elyvilon
Kikubaaqudgha
Okawaru
Sif Muna
Wu Jian

Annotations:
D:4 2 runed doors, Pikel


Message History

* * * LOW HITPOINT WARNING * * *
The slave closely misses you. Pikel hits you but does no damage.
Unknown command.
It was a potion of curing.
You feel better.
You feel less invigorated. The slave misses you.
The slave hits you but does no damage. Pikel hits you but does no damage.
It was a potion of degeneration.
There was something very wrong with that liquid.
You feel weakened.
You feel dopey.
You feel clumsy. The slave hits you.
* * * LOW HITPOINT WARNING * * *
The slave closely misses you. Pikel hits you but does no damage.
Unknown command.
It was a potion of might.
You feel very mighty all of a sudden. The slave hits you!
* * * LOW HITPOINT WARNING * * *
The slave hits you but does no damage.
Pikel says, "You'll feel the lick of my whip!"
Pikel misses you.
It was a potion of magic.
Magic courses through your body. The slave misses you.
The slave barely misses you. Pikel barely misses you.
Unknown command.
You closely miss Pikel. The slave hits you.
* * * LOW HITPOINT WARNING * * *
The slave misses you.
Pikel hits you with a +1 whip of electrocution.
* * * LOW HITPOINT WARNING * * *
Unknown command.
You hit Pikel. The slave hits you but does no damage. The slave hits you.
* * * LOW HITPOINT WARNING * * *
Pikel closely misses you.
Unknown command.
You barely miss Pikel. The slave hits you but does no damage.
The slave barely misses you.
Pikel hits you with a +1 whip of electrocution.
* * * LOW HITPOINT WARNING * * *
Unknown command.
You closely miss Pikel. The slave closely misses you.
The slave barely misses you.
Unknown command.
You hit Pikel. Pikel hits you but does no damage.
You are electrocuted!
* * * LOW HITPOINT WARNING * * *
The slave hits you but does no damage.
You puncture Pikel! The slave closely misses you. Pikel barely misses you.
You closely miss Pikel. The slave hits you.
* * * LOW HITPOINT WARNING * * *
The slave hits you!
You die...

#.#.# ..# #.#.###.# #.#.#<#.#
#.#.#.#.# #
#########.#.#)#.#### #.
....................
#.#+##############.#.#...##
#...>....#### #.#.#...#
##.......pK@p# #...#...#
..........##p##########...##
..........+.p...............
.........p#########.รท...####
.....?.%......# #..###..#
###.......###.####.##.##.###
#...........# ##...#...#...#
#.......p.....#..####'####..
#........p..###.##.#..)#.##.


You could see Pikel and 4 slaves.

Vanquished Creatures
  Sigmund (D:4)
  A phantom (D:4)
  A howler monkey (D:2)
  Ijyb (D:4)
  A worker ant (D:3)
  A howler monkey skeleton (D:4)
  3 gnolls (D:2)
  5 adders
  An adder skeleton (D:4)
  2 worms
  2 dart slugs
  A leopard gecko (D:3)
  5 orcs (D:3)
  A ball python (D:3)
  2 giant cockroaches
  14 goblins
  13 hobgoblins
  10 kobolds
  6 bats
  4 frilled lizards
  4 rats
79 creatures vanquished.

Vanquished Creatures (collateral kills)
  A frilled lizard (D:4)
1 creature vanquished.

Grand Total: 80 creatures vanquished

Notes
Turn   | Place    | Note
-------+----------+-------------------------------------------
     0 | D:1      | MalarOregon the Merfolk Gladiator began the quest for the
                  | Orb.
     0 | D:1      | Reached XP level 1. HP: 16/16 MP: 1/1
     0 | D:1      | Noticed a formicid
     0 | D:1      | Noticed a minotaur
     0 | D:1      | Noticed a draconian
     2 | D:1      | Noticed an elf
     2 | D:1      | Noticed a ghoul
     4 | D:1      | Noticed a naga
     5 | D:1      | Noticed a minotaur
     8 | D:1      | Noticed an elf
    10 | D:1      | Noticed an elf
    12 | D:1      | Noticed a felid
    12 | D:1      | Noticed a spriggan
    14 | D:1      | Noticed a felid
    16 | D:1      | Noticed a minotaur
    16 | D:1      | Noticed an elf
    20 | D:1      | Noticed an octopode
   371 | D:1      | Reached XP level 2. HP: 23/23 MP: 2/2
   605 | D:1      | Reached skill level 5 in Polearms
   816 | D:1      | Reached XP level 3. HP: 28/28 MP: 3/3
  1045 | D:2      | Reached XP level 4. HP: 23/35 MP: 4/4
  1068 | D:2      | Reached skill level 6 in Polearms
  1572 | D:2      | Reached skill level 5 in Dodging
  1650 | D:2      | Reached XP level 5. HP: 41/41 MP: 5/5
  1893 | D:3      | Reached skill level 7 in Polearms
  1951 | D:3      | Found a shadowy altar of Dithmenos.
  1951 | D:3      | Found an ornate altar of the Wu Jian Council.
  1961 | D:3      | Found a white marble altar of Elyvilon.
  1961 | D:3      | Found an iron altar of Okawaru.
  1971 | D:3      | Found an ancient bone altar of Kikubaaqudgha.
  2079 | D:3      | Found a faded altar of an unknown god.
  2328 | D:4      | Noticed a phantom
  2357 | D:4      | Killed a phantom
  2357 | D:4      | Reached XP level 6. HP: 45/48 MP: 6/6
  2375 | D:4      | Got a twisted dagger
  2376 | D:4      | Identified the +3 dagger of Ajem {pierce, Dex+4 Stlth-}
                  | (You found it on level 4 of the Dungeon)
  2410 | D:4      | Found a large runed door.
  2410 | D:4      | Found a large runed door.
  2415 | D:4      | Noticed Sigmund
  2449 | D:4      | Killed Sigmund
  2449 | D:4      | Reached skill level 8 in Polearms
  2449 | D:4      | Reached XP level 7. HP: 31/55 MP: 7/7
  2639 | D:4      | Found a deep blue altar of Sif Muna.
  2723 | D:4      | Noticed Ijyb
  2757 | D:4      | Killed Ijyb
  3195 | D:4      | Noticed Pikel
  3228 | D:4      | Slain by a slave

Vault maps used:
D:1:      shiori_arrival_whats_in_store_for_you, minmay_misc_feat_ornament
D:3:      minitemple, serial_glass, glass_columns_a, glass_columns_c,
          glass_columns_b, glass_columns_a, glass_columns_a, glass_columns_a,
          glass_columns_b, glass_columns_b, chequers_ecumenical_altar_simple
D:4:      cheibrodos_greedy_goblins, nicolae_overflow_hidden_temple,
          ebering_ghost_disaster_area, uniq_ijyb, uniq_pikel, uniq_sigmund

Skill      XL: |  1  2  3  4  5  6 |
---------------+-------------------+-----
Polearms       | 5 6 7 8 |  8.7
Fighting       | 3 4 |  4.5
Dodging        | 5 6 |  6.2
Throwing       | |  2.0

Action                   |  1- 3 |  4- 6 |  7- 9 || total
-------------------------+-------+-------+-------++-------
Melee: Trident           |    81 |   164 |    95 ||   340
       Dagger            |       |     4 |       ||     4
Evoke: Wand              |       |       |     1 ||     1
  Use: Scroll            |       |     6 |       ||     6
       Potion            |       |       |     6 ||     6
 Stab: Sleeping          |     1 |     1 |       ||     2
  Eat: Chunk             |       |     5 |     3 ||     8
Armor: Leather armour    |     8 |    17 |       ||    25
       Ring mail         |       |     5 |    31 ||    36
Dodge: Dodged            |    48 |    76 |    47 ||   171

Table legend:
 A = Non-vault XP
 B = Vault XP
 C = Vault XP percentage of total XP
 D = Non-vault monster count
 E = Vault monster count
 F = Vault count percentage of total count
                 A         B        C        D         E       F
            +---------+---------+-------+---------+---------+-------
      Total |     451 |     296 |  39.6 |      66 |      14 |  17.5
            +---------+---------+-------+---------+---------+-------
        D:1 |      37 |       0 |   0.0 |      21 |       0 |   0.0
        D:2 |     130 |       0 |   0.0 |      15 |       0 |   0.0
        D:3 |     105 |       0 |   0.0 |      23 |       0 |   0.0
        D:4 |     179 |     296 |  62.3 |       7 |      14 |  66.7
            +---------+---------+-------+---------+---------+-------
